AoeStats
← papatheocari

Arabia

510280896Analyzed
1v1 RM · 1d ago on Sep 30, 2026· 51m 13s· 2 players
Game mode
Random Map
Map size
Tiny (2 player)
Population
200
Speed
Normal
Resources
Standard
Victory
Conquest
Starting age
Dark Age
Ending age
Imperial Age
RankedLock teamsTeams togetherTeam positionsShared explorationLock speedFull tech treeHidden civsTurbo modeCheats
Victory
Defeat
🇧🇪 Franks · Belgium
1097
+17
🇦🇷 Goths · Argentina
1118
-17
papatheocari
5:36 Loom
11:20 Feudal Age
11:57 Arson
12:05 Double-Bit Axe
19:05 Castle Age
17:04 Man-at-Arms
20:18 Scale Mail Armor
20:47 Forging
24:49 Long Swordsman
28:37 Husbandry
30:12 Wheelbarrow
29:23 Town Watch
30:17 Scale Barding Armor
31:09 Fletching
33:12 Chain Mail Armor
33:19 Hand Cart
32:47 Elite Skirmisher
33:28 Gambesons
35:02 Iron Casting
34:23 Bodkin Arrow
38:38 Imperial Age
38:54 Ballistics
38:53 Padded Archer Armor
38:44 Two-Handed Swordsman
39:13 Arson
39:36 Murder Holes
40:46 Chemistry
40:15 Conscription
40:43 Plate Mail Armor
41:15 Champion
43:42 Cavalier
45:01 Bow Saw
44:19 Ordonnance Companies
47:53 Blast Furnace
48:02 Light Cavalry
49:08 Chain Barding Armor
49:50 Paladin
banana in borderland
3:24 Loom
11:07 Feudal Age
12:19 Horse Collar
12:26 Double-Bit Axe
17:44 Gold Mining
18:29 Forging
20:41 Castle Age
20:32 Scale Mail Armor
21:50 Wheelbarrow
21:40 Heavy Plow
21:13 Pikeman
22:51 Iron Casting
27:27 Bow Saw
28:29 Fletching
29:23 Bodkin Arrow
37:38 Imperial Age
38:07 Heavy Cavalry Archer
38:55 Bracer
40:03 Two-Man Saw
41:18 Crop Rotation
41:09 Anarchy
41:30 Chain Mail Armor
47:23 Town Watch
51:06 Perfusion
Connection lost

Rejoining the realm…

Still unreachable

The connection could not be restored.

Session expired

The server has moved on; the page needs a fresh start.